 Dungeon Crawl Stone Soup version 0.19.1-1-g22dce08 (webtiles) character file.

1593 Queen the Basher (level 8, -4/69 HPs)
             Began as a Gargoyle Berserker on Jan 12, 2017.
             Was a Priest of Trog.
             Slain by Erica
             ... wielding a +3 scimitar of flaming
              (10 damage)
             ... on level 8 of the Dungeon.
             The game lasted 00:22:40 (5244 turns).

Queen the Basher (Gargoyle Berserker)               Turns: 5244, Time: 00:22:41

Health: -4/69      AC: 16    Str: 26    XL:     8   Next: 93%
Magic:  8/8        EV:  9    Int:  8    God:    Trog [***...]
Gold:   319        SH:  0    Dex: 11    Spells: 0 memorised, 7 levels left

rFire  . . .     SeeInvis .     a - +0 mace
rCold  + . .     Gourm    +     e - +1 chain mail {rF+}
rNeg   + . .     Faith    .     (no shield)
rPois  ∞         Spirit   .     (helmet restricted)
rElec  +         Reflect  .     h - +0 cloak
rCorr  .         Harm     .     (no gloves)
MR     .....                    (no boots)
Stlth  ..........               b - amulet of the gourmand
                                (no ring)
                                w - ring of ice

@: berserking (expiring), very quick
A: antennae 1, negative energy resistance 1, electricity resistance,
unbreathing, petrification resistance, rot immunity, AC +5
a: Berserk, Trog's Hand, Burn Spellbooks, Renounce Religion


You were on level 8 of the Dungeon.
You worshipped Trog.
Trog was most pleased with you.
You were very full.

You visited 1 branch of the dungeon, and saw 6 of its levels.

You collected 319 gold pieces.

Inventory:

Hand Weapons
 a - a +0 mace (weapon)
Missiles
 v - 4 javelins of penetration (quivered)
Armour
 e - a +1 chain mail of fire resistance (worn)
 h - a +0 cloak (worn)
Jewellery
 b - an amulet of the gourmand (around neck)
 w - a ring of ice (left hand)
Scrolls
 k - a scroll of magic mapping
 l - a scroll of enchant armour {unknown}
 n - a scroll of random uselessness {unknown}
 t - 3 scrolls of teleportation
 y - a scroll of vulnerability {unknown}
Potions
 d - a potion of cancellation
 g - 2 potions of heal wounds
 i - 2 potions of might
 m - a potion of invisibility
 o - a potion of mutation
 p - a potion of curing
 u - a potion of flight
Comestibles
 c - 4 bread rations
 f - 5 chunks of flesh
 j - 8 fruits
 r - 2 meat rations
 s - a beef jerky


   Skills:
 - Level 3.2 Fighting
 + Level 11.2 Maces & Flails
 - Level 2.1 Armour
 - Level 1.5 Dodging


You had 7 spell levels left.
You didn't know any spells.

Dungeon Overview and Level Annotations

Branches:
Dungeon (8/15)
 Temple: D:4-7         Lair: D:8-11

Altars:

Shops:
D:7 }

Annotations:
D:8 Erica, Joseph


Innate Abilities, Weirdness & Mutations

You are resistant to torment.
Your stone body is resilient. (AC +5)
You are immune to poison.
You resist negative energy. (rN+)
You are resistant to electric shocks. (rElec)
You can survive without breathing.
You are immune to petrification.
You are immune to rotting.
You have a pair of small antennae on your head.


Message History

You bludgeon Joseph!!
Joseph is almost dead.
Something hits you.
* * * LOW HITPOINT WARNING * * *
Something burns you.
* * * LOW HITPOINT WARNING * * *
You barely miss Joseph.
Joseph is almost dead.
Joseph hits you with an uncursed quarterstaff of draining.
* * * LOW HITPOINT WARNING * * *
You sock something! You closely miss something.
Joseph unwields an uncursed quarterstaff of draining.
Joseph wields an uncursed hunting sling.
Joseph shoots a sling bullet.
The sling bullet hits you but does no damage.
You see here a sling bullet.
You miss something. You sock something! Something hits you!
You die...

#......$.#
################........#
#..........#...#........###
#..........#......(........
#......<.<.#.....(.†....#.
#......((.@(..######.##@..#
#..)......(##...# ..# .#
#...........###.#####...
#....(.....{@....... ...#
#........[.###...... ...#
#..........# ..... ..#
#..........# .... ..#
############ ... .. .


You could see Joseph.

Vanquished Creatures
  An orc warrior (D:6)
  2 phantoms
  2 ogres (D:7)
  A black bear (D:6)
  A centaur (D:8)
  4 bullfrogs (D:7)
  4 killer bees (D:7)
  A hound (D:7)
  3 orc priests
  5 orc wizards
  3 iguanas
  Ijyb (D:2)
  Natasha (D:2)
  Robin (D:2)
  2 adders (D:7)
  A shadow imp (D:6)
  3 oozes
  An adder skeleton (D:7)
  4 worms
  A dart slug (D:2)
  2 leopard geckos
  8 orcs
  A ball python (D:3)
  6 giant cockroaches
  14 goblins
  7 hobgoblins
  12 jackals
  7 kobolds
  A quokka (D:3)
  5 bats
  6 frilled lizards
  A quokka skeleton (D:7)
  8 rats
120 creatures vanquished.

Notes
Turn   | Place    | Note
-------+----------+-------------------------------------------
     0 | D:1      | Queen the Gargoyle Berserker began the quest for the Orb.
     0 | D:1      | Reached XP level 1. HP: 14/14 MP: 1/1
   215 | D:1      | Reached XP level 2. HP: 17/19 MP: 2/2
   795 | D:1      | Reached skill level 4 in Maces & Flails
   810 | D:1      | Reached XP level 3. HP: 23/23 MP: 3/3
  1052 | D:2      | Noticed Natasha
  1065 | D:2      | Killed Natasha
  1065 | D:2      | Reached ** piety under Trog
  1105 | D:2      | Reached XP level 4. HP: 23/28 MP: 4/4
  1443 | D:2      | Noticed Robin
  1449 | D:2      | Reached skill level 5 in Maces & Flails
  1476 | D:2      | Killed Robin
  1531 | D:2      | Found a faded altar of an unknown god.
  1593 | D:2      | Noticed Ijyb
  1613 | D:2      | Killed Ijyb
  1613 | D:2      | Reached XP level 5. HP: 28/32 MP: 5/5
  1972 | D:3      | Reached skill level 6 in Maces & Flails
  2242 | D:3      | Reached *** piety under Trog
  2494 | D:3      | Reached XP level 6. HP: 35/37 MP: 6/6
  2630 | D:3      | Gained mutation: You have a pair of small antennae on your head. [potion of beneficial mutation]
  2632 | D:3      | You fall through a shaft for 3 floors!
  2730 | D:6      | Noticed an orc warrior
  2745 | D:6      | Noticed a black bear
  2759 | D:6      | Killed an orc warrior
  2759 | D:6      | Reached skill level 7 in Maces & Flails
  2766 | D:6      | Killed a black bear
  2774 | D:6      | Reached XP level 7. HP: 25/41 MP: 7/7
  3124 | D:6      | Reached skill level 8 in Maces & Flails
  3374 | D:7      | Found Woceink's Gadget Boutique.
  3383 | D:7      | Received a gift from Trog
  3544 | D:7      | Reached skill level 9 in Maces & Flails
  3710 | D:7      | Reached XP level 8. HP: 43/46 MP: 8/8
  4190 | D:7      | Reached skill level 10 in Maces & Flails
  5189 | D:8      | Reached skill level 11 in Maces & Flails
  5198 | D:8      | Noticed Joseph
  5201 | D:8      | Noticed Erica
  5244 | D:8      | Slain by Erica

Skill      XL: |  1  2  3  4  5  6  7  8 |
---------------+-------------------------+-----
Maces & Flails | 4 5 6 7 9 11 | 11.2
Fighting       | |  3.2
Armour         | |  2.1
Dodging        | |  1.5

Action                   |  1- 3 |  4- 6 |  7- 9 || total
-------------------------+-------+-------+-------++-------
Melee: Mace              |    92 |   294 |   302 ||   688
Invok: Berserk           |     1 |     2 |     3 ||     6
       Trog's Hand       |       |     2 |     3 ||     5
  Use: Scroll            |       |    11 |     4 ||    15
       Potion            |       |     1 |       ||     1
  Eat: Chunk             |     1 |     8 |    25 ||    34
Armor: Ring mail         |    19 |       |       ||    19
       Animal skin       |     3 |       |       ||     3
       Chain mail        |    42 |   209 |   192 ||   443
Dodge: Dodged            |    51 |   144 |   114 ||   309
